 Dungeon Crawl Stone Soup version 0.24.0-13-gcf9b319 (webtiles) character file.

Game seed: 2066813914154008499, levelgen mode: deterministic

120656 Birdy the Fencer (level 16, -7/101 HPs)
             Began as a Tengu Monk on Dec 25, 2019.
             Was the Champion of Dithmenos.
             Killed by the raging water
             ... invoked by a water nymph
              (23 damage)
             ... on level 2 of the Shoals.
             The game lasted 01:52:29 (32019 turns).

Birdy the Fencer (Tengu Monk)                      Turns: 32019, Time: 01:52:29

Health: -7/101     AC: 14    Str: 13    XL:     16   Next: 82%
Magic:  28/28      EV: 36    Int: 16    God:    Dithmenos [******]
Gold:   2185       SH: 13    Dex: 22    Spells: 19/27 levels left

rFire    + . .     SeeInvis .   a - +7 demon blade (vamp)
rCold    + . .     Gourm    .   S - +2 buckler {rF+}
rNeg     . . .     Faith    .   C - +1 steam dragon scales
rPois    .         Spirit   .   u - +2 hat
rElec    +         Reflect  +   v - +1 cloak of Starlight {rElec rC+ EV+4 Stlth--}
rCorr    .         Harm     .   f - +1 pair of gloves
MR       +....     Clarity  +   (boots unavailable)
Stlth    +.........             U - +3 amulet of reflection
HPRegen  0.26/turn              M - +5 ring of intelligence
MPRegen  0.21/turn              e - +3 ring of slaying

@: flying quickly and evasively, wreathed by umbra, quick
A: beak, talons 3, clarity, high mp 1, able to fly
a: Stop Flying, Shadow Step, Shadow Form, Renounce Religion


You were on level 2 of the Shoals.
You worshipped Dithmenos.
Dithmenos was exalted by your worship.
You were not hungry.

You visited 5 branches of the dungeon, and saw 26 of its levels.
You also visited: Ice Cave and Volcano.

You collected 3295 gold pieces.
You spent 1110 gold pieces at shops.

Inventory:

Hand Weapons
 a - a +7 vampiric demon blade (weapon)
 b - the +9 demon blade of the Lame Duck {flame, *Corrode rPois rF+ rC+}
   (You found it in an ice cave)

   It has been specially enchanted to burn those struck by it, causing extra
   injury to most foes and up to half again as much damage against particularly
   susceptible opponents.
   Big, fiery blades are also staple armaments of hydra-hunters.
   It protects you from fire.
   It protects you from cold.
   It protects you from poison.
   It may corrode you when you take damage.
 i - the +9 hand crossbow of Slow Death {elec, rPois}
   (You acquired it on level 11 of the Dungeon)

   It charges the ammunition it shoots with electricity; occasionally upon a
   hit, such missiles may discharge and cause terrible harm.
   It protects you from poison.
 w - the +12 quarterstaff "Kuaceef" {holy, rPois Dex+3}
   (You found it in an ice cave)

   It has been blessed by the Shining One to cause great damage to the undead
   and demons.
   It affects your dexterity (+3).
   It protects you from poison.
Armour
 f - a +1 pair of gloves (worn)
 m - a +2 robe of magic resistance
 p - a +1 scale mail of cold resistance
 u - a +2 hat (worn)
 v - the +1 cloak of Starlight (worn) {rElec rC+ EV+4 Stlth--}
   (You found it on level 1 of the Orcish Mines)

   It affects your evasion (+4).
   It protects you from cold.
   It insulates you from electricity.
   It makes you much less stealthy.
 C - +1 steam dragon scales (worn)
 I - a +2 shield of protection
 R - a +1 ring mail of fire resistance
 S - a +2 buckler of fire resistance (worn)
Jewellery
 e - a +3 ring of slaying (right hand)
 g - an uncursed ring of protection from cold
 j - an uncursed ring of positive energy
 q - an uncursed ring of protection from cold
 K - an uncursed ring of protection from fire
 M - a +5 ring of intelligence (left hand)
 Q - an uncursed ring of protection from fire
 U - a +3 amulet of reflection (around neck)
Wands
 l - a wand of iceblast (28)
 n - a wand of disintegration (5)
 t - a wand of enslavement (4)
 y - a wand of acid (11)
 A - a wand of flame (21)
 G - a wand of paralysis (26)
 N - a wand of random effects (11)
Scrolls
 d - 3 scrolls of amnesia
 k - 6 scrolls of fog
 r - 3 scrolls of teleportation
 s - a scroll of blinking
 x - 2 scrolls of acquirement
 H - 13 scrolls of remove curse
 O - 9 scrolls of identify
Potions
 h - 11 potions of curing
 z - a potion of cancellation
 B - a potion of invisibility
 D - 3 potions of berserk rage
 E - 3 potions of lignification
 F - 3 potions of mutation
 J - 4 potions of magic
Comestibles
 c - 37 rations
 o - 3 chunks of flesh


   Skills:
 + Level 11.8 Fighting
 * Level 16.5 Long Blades
 - Level 6.7 Armour
 * Level 15.5 Dodging
 - Level 3.0 Stealth
 * Level 13.1 Shields
 - Level 6.0 Spellcasting
 - Level 10.0 Conjurations


You had 19 spell levels left.
You knew the following spells:

 Your Spells              Type           Power        Failure   Level  Hunger
a - Summon Butterflies    Summ           #.......     14%         1    None
b - Iskenderun's Mystic   Conj           #####...     2%          4    ####...
c - Dazzling Spray        Conj/Hex       ###...       5%          3    ##.....

Your spell library contained the following spells:

 Spells                   Type           Power        Failure   Level  Hunger
 Flame Tongue             Conj/Fire      ###..        1%          1    None
 Magic Dart               Conj           ####         1%          1    None
 Searing Ray              Conj           #####.       1%          2    #......
 Throw Flame              Conj/Fire      ###...       2%          2    #......
 Conjure Flame            Conj/Fire      ###.....     5%          3    ##.....
 Mephitic Cloud           Conj/Pois/Air  ###.....     11%         3    ##.....
 Animate Skeleton         Necr           N/A          14%         1    None
 Apportation              Tloc           #.....       14%         1    None
 Confusing Touch          Hex            #.....       14%         1    None
 Corona                   Hex            #......      14%         1    None
 Pain                     Necr           #...         14%         1    None
 Summon Small Mammal      Summ           #...         14%         1    None
 Force Lance              Conj/Tloc      ###.....     17%         4    ####...
 Fulminant Prism          Conj/Hex       ###.......   17%         4    ####...
 Sticky Flame             Conj/Fire      ###.....     17%         4    ####...
 Ensorcelled Hibernation  Hex/Ice        #.....       21%         2    #......
 Poisonous Vapours        Pois/Air       #.....       21%         2    #......
 Shroud of Golubria       Chrm/Tloc      #.....       21%         2    #......
 Slow                     Hex            #.......     21%         2    #......
 Confuse                  Hex            #.......     38%         3    ##.....
 Gell's Gravitas          Tloc           #.........   38%         3    ##.....
 Ignite Poison            Fire/Tmut/Pois #.......     38%         3    ##.....
 Inner Flame              Hex/Fire       #.......     38%         3    ##.....
 Lesser Beckoning         Tloc           #.........   38%         3    ##.....
 Portal Projectile        Hex/Tloc       #.....       38%         3    ##.....
 Regeneration             Chrm/Necr      #.........   38%         3    ##.....
 Tukima's Dance           Hex            #.......     38%         3    ##.....
 Vampiric Draining        Necr           #.........   38%         3    ##.....
 Fireball                 Conj/Fire      ###.......   43%         5    ######.
 Animate Dead             Necr           N/A          80%         4    ####...
 Cause Fear               Hex            #.........   80%         4    ####...
 Leda's Liquefaction      Hex/Erth       #.........   80%         4    ####...
 Petrify                  Tmut/Erth      #.......     80%         4    ####...
 Bolt of Fire             Conj/Fire      ###.......   95%         6    #######
 Alistair's Intoxication  Tmut/Pois      #.......     98%         5    ######.
 Metabolic Englaciation   Hex/Ice        #.........   98%         5    ######.
 Silence                  Hex/Air        #.........   98%         5    ######.
 Yara's Violent Unravell  Hex/Tmut       #.........   98%         5    ######.
 Freezing Cloud           Conj/Ice/Air   ###.......   99%         6    #######
 Darkness                 Hex            #.........   100%        6    #######
 Deflect Missiles         Chrm/Air       #.........   100%        6    #######
 Invisibility             Hex            #.......     100%        6    #######
 Ring of Flames           Chrm/Fire      #.........   100%        7    #######
 Discord                  Hex            #.........   100%        8    #######
 Ignition                 Fire           #.........   100%        8    #######


Dungeon Overview and Level Annotations

Branches:
Dungeon (15/15)            Temple (1/1) D:5            Lair (6/6) D:9
 Shoals (2/4) Lair:3       Spider (0/4) Lair:4        Slime (0/5) Lair:6
    Orc (2/2) D:10            Elf (0/3) Orc:2        Vaults (0/5) D:13
 Depths (0/5) D:15          IceCv (visited)         Volcano (visited)

Altars:
Ashenzari
Cheibriados
Dithmenos
Elyvilon
Fedhas
Gozag
Hepliaklqana
Kikubaaqudgha
Makhleb
Nemelex Xobeh
Okawaru
Qazlal
Ru
Sif Muna
Trog
Uskayaw
Vehumet
Wu Jian
Xom
Yredelemnul
Zin
The Shining One
Beogh

Shops:
D:6 (   D:8 %   D:9 [   D:15 *   Orc:2 =}?:*   Shoals:1 (

Annotations:
D:3 2 transporters, Renzlar's ghost, amateur GnFi


Innate Abilities, Weirdness & Mutations

You have a beak for a mouth.
You have claws for feet.
You can fly continuously.
You possess an exceptional clarity of mind.
You have an increased reservoir of magic. (+10% MP)


Message History

You closely miss the water nymph. You peck the water nymph.
The water nymph is lightly wounded.
The water nymph touches you. The water nymph drowns you!
You slash the water nymph!
You feel better.
Your kick misses the water nymph. You peck the water nymph.
The water nymph is heavily wounded.
The water nymph points at you and mumbles some strange words.
The water rises up and strikes you!!
* * * LOW HITPOINT WARNING * * *
You feel much better. You block the water nymph's attack.
The water nymph closely misses you.
You closely miss the water nymph. Your kick misses the water nymph.
The water nymph is heavily wounded.
Your shadow hits the water nymph with a demon blade!
The water nymph casts a spell at you. The water rises up and strikes you!!
* * * LOW HITPOINT WARNING * * *
The water nymph points at you and mumbles some strange words.
The water rises up and strikes you!!
You die...

≈≈≈≈≈≈≈≈≈≈≈≈≈≈≈≈≈≈≈≈≈≈≈≈≈≈≈≈≈
≈≈≈≈≈≈≈≈≈≈≈≈≈≈≈≈≈≈≈≈≈≈≈≈≈≈≈≈≈
≈≈≈≈≈≈≈≈≈≈≈≈≈≈≈≈≈≈≈≈≈≈≈≈≈≈≈≈≈
≈≈≈≈≈≈≈≈≈≈≈≈≈≈≈≈≈≈≈≈≈≈≈≈≈≈≈≈≈
≈≈≈≈≈≈≈≈≈≈≈≈≈≈≈≈≈≈≈≈≈≈≈≈P≈≈..
≈≈≈≈≈≈≈≈≈≈≈≈≈≈§≈≈≈≈≈≈≈≈PPPP..
≈≈≈≈≈≈≈≈≈≈≈≈≈≈§≈≈≈≈≈≈≈PP.P...
≈≈≈≈≈≈≈≈)≈m§§§§≈≈P≈≈≈P≈PPP.P.
≈≈≈≈≈≈≈≈≈§§§@m§≈≈≈≈≈≈P≈P.##.P
≈≈≈≈≈≈≈≈≈§§m§§§≈≈P≈P≈P≈..#...
≈≈≈≈≈≈≈≈≈≈§§§.....≈≈≈≈≈PP....
≈≈≈≈≈≈≈≈≈≈≈......≈P≈≈P≈PP..≈≈
≈≈≈≈≈≈≈≈m....##...≈≈≈≈≈≈≈..≈≈
≈≈≈≈≈≈≈≈≈≈...#*...≈≈≈≈P≈..>..
≈≈≈≈≈≈≈≈≈≈≈≈..,.≈≈≈≈≈≈≈......
≈≈≈≈≈≈≈≈≈≈≈≈..,≈≈≈≈≈≈≈.....##
≈≈≈≈≈≈≈≈≈≈≈≈,,,.≈≈≈≈≈.....##


You could see a merfolk avatar and 2 water nymphs.

Vanquished Creatures
  An Ice Fiend (IceCv)
  Gastronok (D:8)
  Aizul (Shoals:2)
  2 stone giants (Orc:1)
  A red draconian (Volcano)
  A dire elephant (Lair:6)
  3 merfolk impalers
  Harold (D:8)
  6 hydras
  2 catoblepae (Lair:6)
  5 centaur warriors
  An ice dragon (Lair:6)
  A death knight (D:12)
  A tengu warrior (D:13)
  8 two-headed ogres
  9 orc high priests
  Nergalle (Lair:4)
  Sonja (D:12)
  A fire crab (shapeshifter) (D:15)
  5 unseen horrors
  4 skeletal warriors
  9 orc knights
  5 sea snakes (Shoals:2)
  A phantasmal warrior (D:12)
  2 lindwurms (Lair:6)
  9 harpies
  A wizard (D:13)
  4 orc sorcerers
  9 fauns (Shoals:1)
  2 oklob plants
  A wolf spider (D:15)
  A necromancer (D:13)
  2 ugly things
  3 cyclopes
  6 manticores
  9 elephants
  Maurice (D:8)
  9 black mambas
  6 torpor snails (Lair:6)
  2 water nymphs
  3 gargoyles
  4 merfolk sirens
  2 ice statues
  14 spiny frogs
  2 yaktaurs (Volcano)
  6 ice devils (IceCv)
  10 komodo dragons
  7 freezing wraiths
  5 rime drakes
  2 anaconda simulacra (IceCv)
  2 tengu conjurers
  A golden dragon simulacrum (IceCv)
  A troll (shapeshifter) (D:14)
  9 trolls
  A queen bee (D:11)
  4 tyrant leeches (Lair:6)
  9 merfolk
  4 polar bears
  6 blink frogs
  10 hornets
  12 hippogriffs
  9 slime creatures
  A dream sheep (Lair:6)
  A harpy skeleton (D:15)
  2 snapping turtles
  A shadow (D:12)
  A redback (Lair:4)
  A water elemental (D:15)
  6 wyverns
  A centaur simulacrum (D:15)
  A vampire (D:12)
  Sigmund (D:3)
  4 dire elephant simulacra (IceCv)
  3 humans (D:8)
  Grum (D:10)
  40 yaks
  4 basilisks
  2 hogs (D:8)
  7 vampire mosquitoes
  3 hungry ghosts
  A steam dragon (D:10)
  A death yak simulacrum (IceCv)
  A harpy simulacrum (IceCv)
  3 iron troll simulacra (IceCv)
  A hell hound (D:10)
  9 water moccasins
  10 porcupines
  2 hydra simulacra (IceCv)
  44 orc warriors
  4 sky beasts
  A black bear (D:13)
  An ettin simulacrum (IceCv)
  A necrophage (D:12)
  7 ice beasts
  2 phantoms (D:10)
  10 ogres
  12 centaurs
  10 wolves
  3 big kobolds (D:6)
  10 crocodiles
  12 bullfrogs
  A wyvern zombie (D:14)
  2 wyvern skeletons (D:14)
  A hornet simulacrum (D:15)
  A scorpion (D:11)
  39 killer bees
  An elephant simulacrum (IceCv)
  5 wights (D:10)
  A howler monkey (D:12)
  5 electric eels (D:6)
  3 centaur zombies
  6 crimson imps
  A bullfrog zombie (D:12)
  3 centaur skeletons
  A draconian simulacrum (IceCv)
  5 hounds
  7 jellies
  2 bullfrog skeletons
  A gnoll shaman (D:6)
  36 orc priests
  11 worker ants
  An iguana (D:6)
  A troll simulacrum (IceCv)
  26 orc wizards
  A spriggan simulacrum (IceCv)
  A hound zombie (D:11)
  A hound skeleton (D:5)
  2 worker ant zombies
  20 gnolls
  5 ogre simulacra (IceCv)
  7 adders
  A naga simulacrum (IceCv)
  2 shadow imps (D:12)
  11 white imps
  4 ufetubi (IceCv)
  2 oozes (Lair:6)
  3 dart slugs
  2 leopard geckos
  88 orcs
  4 giant cockroaches
  7 goblins
  12 hobgoblins
  2 jackals (D:3)
  46 kobolds
  4 quokkas
  4 ball pythons
  4 bats
  3 frilled lizards
  A leopard gecko zombie (D:6)
  A quokka zombie (D:6)
  8 rats
  4 plants
896 creatures vanquished.

Vanquished Creatures (others)
  2 elephants (Lair:6)
  A spiny frog (Lair:6)
  A rime drake (Lair:6)
  A centaur (Shoals:2)
  A white imp (IceCv)
  An ufetubus (IceCv)
  2 orcs (D:10)
  11 plants
20 creatures vanquished.

Grand Total: 916 creatures vanquished

Notes
Turn   | Place    | Note
-------+----------+-------------------------------------------
     0 | D:1      | Birdy the Tengu Monk began the quest for the Orb.
     0 | D:1      | Reached XP level 1. HP: 14/14 MP: 2/2
   219 | D:1      | Reached XP level 2. HP: 18/19 MP: 3/3
   589 | D:1      | Reached skill level 1 in Armour
  1208 | D:2      | Reached XP level 3. HP: 11/23 MP: 4/4
  2334 | D:3      | Reached XP level 4. HP: 19/28 MP: 5/5
  2605 | D:3      | Noticed Sigmund
  2881 | D:3      | Found a transporter.
  2925 | D:3      | Noticed Renzlar's ghost (amateur GnFi)
  2946 | D:3      | Killed Sigmund
  2946 | D:3      | Reached skill level 4 in Long Blades
  2946 | D:3      | Gained mutation: You can fly continuously. [Tengu growth]
  2946 | D:3      | Reached XP level 5. HP: 23/33 MP: 6/6
  2946 | D:3      | Reached XP level 6. HP: 27/38 MP: 7/7
  3108 | D:3      | Found a transporter.
  3598 | D:4      | Noticed an ice beast
  3612 | D:4      | Killed an ice beast
  3612 | D:4      | Reached skill level 5 in Dodging
  3892 | D:4      | Reached skill level 5 in Long Blades
  3892 | D:4      | Reached XP level 7. HP: 44/44 MP: 8/8
  4356 | D:4      | Noticed a water elemental
  4358 | D:4      | Found a stormy altar of Qazlal.
  4359 | D:4      | Noticed a fire elemental
  4359 | D:4      | Noticed an air elemental
  4392 | D:4      | Found a sacrificial altar of Ru.
  4539 | D:5      | Entered Level 5 of the Dungeon
  4723 | D:5      | Found a staircase to the Ecumenical Temple.
  4729 | D:5      | Reached skill level 5 in Fighting
  4737 | Temple   | Entered the Ecumenical Temple
  4872 | Temple   | Became a worshipper of Dithmenos the Shadowed
  4872 | Temple   | Reached * piety under Dithmenos
  4872 | Temple   | Reached ** piety under Dithmenos
  5317 | D:5      | Noticed a hippogriff
  5322 | D:5      | Killed a hippogriff
  5322 | D:5      | Reached skill level 6 in Long Blades
  5322 | D:5      | Reached XP level 8. HP: 49/49 MP: 9/9
  5861 | D:6      | Found a hazy altar of Hepliaklqana.
  5863 | D:6      | Found an ornate altar of the Wu Jian Council.
  5865 | D:6      | Found a snail-covered altar of Cheibriados.
  5867 | D:6      | Found an ancient bone altar of Kikubaaqudgha.
  5868 | D:6      | Found a sacrificial altar of Ru.
  5868 | D:6      | Found a sparkling altar of Nemelex Xobeh.
  5872 | D:6      | Found an iron altar of Okawaru.
  6393 | D:6      | Found Evoqiorpho's Antique Weapon Boutique.
  6624 | D:6      | Reached skill level 7 in Long Blades
  6735 | D:6      | Learned a level 2 spell: Searing Ray
  7003 | D:6      | Reached *** piety under Dithmenos
  7128 | D:6      | Reached skill level 1 in Conjurations
  7594 | D:6      | Reached XP level 9. HP: 44/55 MP: 1/10
  8454 | D:6      | HP: 2/55 [orc warrior/+0 halberd (14)]
  8974 | D:7      | Noticed a two-headed ogre
  9214 | D:7      | Reached skill level 8 in Long Blades
  9381 | D:7      | Killed a two-headed ogre
  9381 | D:7      | Reached skill level 5 in Conjurations
  9691 | D:7      | Found a blossoming altar of Fedhas.
  9739 | D:8      | Gained mutation: You have an increased reservoir of magic.
                  | (+10% MP) [potion of mutation]
  9739 | D:8      | Gained mutation: You have a considerably increased
                  | reservoir of magic. (+20% MP) [potion of mutation]
  9739 | D:8      | Lost mutation: You have a considerably increased reservoir
                  | of magic. (+20% MP) [potion of mutation]
  9739 | D:8      | Gained mutation: You possess an exceptional clarity of
                  | mind. [potion of mutation]
  9785 | D:8      | Found a shadowy altar of Dithmenos.
  9787 | D:8      | Found an iron altar of Okawaru.
  9802 | D:8      | Reached XP level 10. HP: 57/61 MP: 0/12
  9804 | D:8      | Reached skill level 9 in Long Blades
  9898 | D:8      | Found Kaomyrhe's Food Shop.
 10092 | D:8      | Noticed Harold
 10127 | D:8      | Killed Harold
 10127 | D:8      | Reached **** piety under Dithmenos
 10483 | D:8      | Noticed Gastronok
 10538 | D:8      | Reached skill level 5 in Armour
 10869 | D:8      | Killed Gastronok
 10869 | D:8      | Reached skill level 10 in Long Blades
 11069 | D:8      | Noticed Maurice
 11091 | D:8      | Reached skill level 1 in Shields
 11094 | D:8      | Reached XP level 11. HP: 66/68 MP: 5/13
 11130 | D:8      | Killed Maurice
 11356 | D:9      | Found Kiam's Antique Armour Shoppe.
 11540 | D:9      | Found a staircase to the Lair.
 11691 | D:9      | Learned a level 4 spell: Iskenderun's Mystic Blast
 11730 | D:9      | Noticed a cyclops
 11739 | D:9      | Killed a cyclops
 11960 | D:10     | Entered Level 10 of the Dungeon
 12199 | D:10     | Found a stormy altar of Qazlal.
 12423 | D:10     | Noticed Grum
 12442 | D:10     | Killed Grum
 12501 | D:10     | Noticed a two-headed ogre
 12505 | D:10     | Killed a two-headed ogre
 12546 | D:10     | Found a transporter.
 12557 | D:10     | Found a transporter.
 12557 | D:10     | Noticed a fire crab
 12564 | D:10     | Reached skill level 11 in Long Blades
 13126 | D:10     | Reached skill level 5 in Shields
 13140 | D:10     | Reached ***** piety under Dithmenos
 13336 | D:10     | Found a staircase to the Orcish Mines.
 14017 | D:11     | Reached skill level 10 in Dodging
 14033 | D:11     | Reached XP level 12. HP: 70/75 MP: 5/14
 14453 | D:11     | Identified 3 scrolls of acquirement
 14456 | D:11     | Got a translucent hand crossbow
 14897 | Lair:1   | Entered Level 1 of the Lair of Beasts
 14941 | Lair:1   | Identified the +9 hand crossbow of Slow Death {elec, rPois}
                  | (You acquired it on level 11 of the Dungeon)
 14947 | Lair:1   | You are sucked into a shaft and drop 1 floor!
 15774 | Lair:2   | Reached skill level 10 in Conjurations
 15882 | Lair:2   | Reached skill level 12 in Long Blades
 16327 | Lair:3   | Reached skill level 1 in Spellcasting
 16356 | Lair:3   | Noticed a seven-headed hydra
 16704 | Lair:3   | Found a staircase to the Shoals.
 17000 | Lair:3   | Killed a seven-headed hydra
 17160 | Lair:3   | Reached XP level 13. HP: 80/80 MP: 18/18
 17388 | Lair:4   | Found a shimmering blue altar of Sif Muna.
 17421 | Lair:4   | Identified the Incunabulum of Execration and Protection
 17575 | Lair:4   | Noticed Nergalle
 17588 | Lair:4   | Killed Nergalle
 17993 | Lair:4   | Found a hole to the Spider Nest.
 18479 | Lair:5   | Reached skill level 13 in Long Blades
 19149 | Lair:6   | Entered Level 6 of the Lair of Beasts
 19532 | Lair:6   | Reached ****** piety under Dithmenos
 19715 | Lair:6   | Found a staircase to the Slime Pits.
 19840 | Lair:6   | Reached XP level 14. HP: 71/87 MP: 1/22
 20039 | Lair:6   | Found a runed translucent door.
 20234 | Lair:6   | Reached skill level 10 in Fighting
 20235 | Lair:6   | Paralysed by a hornet for 1 turns
 20860 | Lair:6   | Reached skill level 10 in Shields
 20983 | Lair:6   | Noticed a dire elephant
 21004 | Lair:6   | Killed a dire elephant
 21016 | Lair:6   | Reached skill level 14 in Long Blades
 21586 | Orc:1    | Entered Level 1 of the Orcish Mines
 21775 | Orc:1    | Found a dark tunnel.
 21782 | Volcano  | Entered a volcano
 21804 | Volcano  | Noticed a red draconian
 21816 | Volcano  | Killed a red draconian
 22096 | Orc:1    | Found a roughly hewn altar of Beogh.
 22096 | Orc:1    | Found a transporter.
 22096 | Orc:1    | Noticed a stone giant
 22111 | Orc:2    | Entered Level 2 of the Orcish Mines
 22264 | Orc:2    | Found Lucyo's Jewellery Emporium.
 22394 | Orc:1    | Found a transporter.
 22838 | Orc:2    | Found a staircase to the Elven Halls.
 23248 | Orc:2    | Reached skill level 5 in Spellcasting
 24067 | Orc:2    | Reached XP level 15. HP: 93/93 MP: 3/26
 24247 | Orc:2    | Found Ihuly's Gadget Emporium.
 24248 | Orc:2    | Found Xeomega's Book Shoppe.
 24248 | Orc:2    | Found Zatedeme's Magic Scroll Emporium.
 24249 | Orc:2    | Found Fuikymef's General Store.
 24260 | Orc:2    | Bought 2 scrolls of enchant weapon for 255 gold pieces
 24260 | Orc:2    | Bought a scroll of enchant weapon for 127 gold pieces
 24267 | Orc:2    | Learned a level 1 spell: Summon Butterflies
 24271 | Orc:2    | Learned a level 3 spell: Dazzling Spray
 24368 | Orc:2    | Bought a +3 ring of slaying for 540 gold pieces
 24489 | Orc:1    | Paralysed by an orc sorcerer for 3 turns
 24713 | Orc:1    | Found a bloodstained altar of Trog.
 24794 | Orc:1    | Found the +1 cloak of Starlight {rElec rC+ EV+4 Stlth--}
 25076 | D:12     | Found the +7 Spriggan's Knife {stab, EV+4 Stlth+}
 25189 | D:12     | Reached skill level 15 in Long Blades
 25763 | D:12     | Noticed Sonja
 25769 | D:12     | Killed Sonja
 26289 | D:13     | Found a gate to the Vaults.
 27138 | D:15     | Entered Level 15 of the Dungeon
 27622 | D:15     | Reached XP level 16. HP: 72/100 MP: 11/28
 27922 | D:15     | Found Uryot's Mayhem Merchandise.
 28071 | D:15     | Found a staircase to the Depths.
 28560 | Orc:2    | Bought a +3 amulet of reflection for 188 gold pieces
 28843 | Shoals:1 | Entered Level 1 of the Shoals
 28917 | Shoals:1 | Found a blossoming altar of Fedhas.
 29372 | Shoals:1 | Reached skill level 16 in Long Blades
 29378 | Shoals:1 | Reached skill level 15 in Dodging
 29536 | Shoals:1 | Found Cicaepp's Antique Weapon Emporium.
 29996 | Shoals:2 | Found a frozen archway.
 29996 | Shoals:2 | Noticed Aizul
 30018 | Shoals:2 | Killed Aizul
 30032 | IceCv    | Entered an ice cave
 31106 | IceCv    | Noticed an Ice Fiend
 31562 | IceCv    | Killed an Ice Fiend
 31582 | IceCv    | Got a transparent demon blade
 31588 | IceCv    | Got an ancient quarterstaff
 31594 | IceCv    | Identified the +12 quarterstaff "Kuaceef" {holy, rPois
                  | Dex+3} (You found it in an ice cave)
 31595 | IceCv    | Identified the +9 demon blade of the Lame Duck {flame,
                  | *Corrode rPois rF+ rC+} (You found it in an ice cave)
 32019 | Shoals:2 | Killed from afar by a water nymph

Levels and vault maps discovered:
D:1:      dpeg_arrival_tiny_g, layout_basic
D:2:      layout_basic, kennysheep_generic_room_15
D:3:      layout_loops_ring, gammafunk_ghost_stat_death, first_ration,
          minivault_23, uniq_sigmund
D:4:      layout_basic, nicolae_qazlal_style_of_elements, minivault_11,
          nicolae_ru_path_of_blood
D:5:      layout_basic, minmay_temple_entry_proselytizer, nrook_uturn
D:6:      minmay_goblin_kobold_castle, layout_basic, minitemple, serial_shops,
          shop, kennysheep_cross_bottleneck, hangedman_minor_gate_pass
D:7:      layout_rooms, kennysheep_little_box
D:8:      layout_basic, serial_shops, shop_statue, basic_altar, grunt_livestock,
          okawaru_humans, uniq_maurice, uniq_gastronok, uniq_harold
D:9:      layout_rooms, david_lair_shrubbed, serial_shops, shop
D:10:     gammafunk_cloud_chamber, layout_grid_maze, david_orc_4, basic_altar,
          uniq_grum
D:11:     layout_layer_cave, special_room [special_room_bee]
D:12:     layout_stronghold, uniq_sonja
D:13:     layout_loops_cross, david_vaults_1, wad_mini_maze
D:14:     layout_basic, nrook_campfire, kennysheep_another_room,
          chequers_decorated_corner, nicolae_evil_shop
D:15:     hangedman_depths_entry_try_elsewhere_first, layout_basic, serial_ice,
          serial_ice_l, serial_ice_g, serial_ice_c, serial_ice_o, serial_ice_m,
          serial_ice_a, minmay_crystal_water, chequers_serial_rivers_room_b,
          minmay_shop_mayhem
Temple:   nicolae_temple_figure_eight
Lair:1:   layout_hall_layers, serial_forest, infiniplex_forest_lined_ring,
          infiniplex_forest_clump_medium, infiniplex_forest_clump_long,
          infiniplex_forest_straight_2, minmay_lair_oklob_chamber,
          lemuel_fruit_tree
Lair:2:   layout_regular_city, nicolae_quartered_pool_super, wad_woods_road_04
Lair:3:   layout_misc_corridors, minmay_shoals_entry_lonely_mermaid
Lair:4:   wander_river, layout_regular_city, spider_nest_entry_webs,
          basic_altar, chequers_serial_rivers_micro_b, beast_lair_carwin_10,
          serial_bayou_shore_b, uniq_nergalle
Lair:5:   layout_regular_city, infiniplex_staircase_pool_2
Lair:6:   hangedman_lair_in_review, layout_hall_layers, wormcave,
          nicolae_slime_entry_slimehenge
Shoals:1: layout_shoals, serial_shops, nicolae_shop_overgrown_old_shop,
          lemuel_oklob_altar
Shoals:2: layout_shoals, portal_ice_cave_entry_ice_statue_one,
          nicolae_shoals_wave_tunnel, uniq_aizul
Orc:1:    gammafunk_beogh_shrine, layout_caves, enter_volcano_4, bloody_trog
Orc:2:    st_orc_pillars, layout_caves, minmay_shop_enchanted_jewellery

Skill      XL: |  1  2  3  4  5  6  7  8  9 10 11 12 13 14 15 16 |
---------------+-------------------------------------------------+-----
Armour         | 1 2 3 4 6 |  6.7
Dodging        | 4 5 6 7 9 10 11 12 13 14 15 | 15.5
Fighting       | 4 5 6 7 8 9 10 11 | 11.8
Long Blades    | 4 5 6 7 8 10 11 12 13 14 15 16 | 16.5
Conjurations   | 2 6 7 9 10 | 10.0
Shields        | 1 5 7 9 10 12 13 | 13.1
Stealth        | 3 |  3.0
Spellcasting   | 1 3 5 6 |  6.0

Action                   |  1- 3 |  4- 6 |  7- 9 | 10-12 | 13-15 | 16-18 || total
-------------------------+-------+-------+-------+-------+-------+-------++-------
Melee: Falchion          |    99 |    77 |   167 |       |       |       ||   343
       Kick              |    21 |    35 |   125 |   204 |   351 |   235 ||   971
       Peck              |    14 |    18 |    72 |   127 |   242 |   130 ||   603
       Long sword        |       |       |   162 |   297 |       |       ||   459
       Demon blade       |       |       |       |   176 |   857 |   429 ||  1462
       Staff             |       |       |       |     5 |       |       ||     5
Throw: Dart              |       |       |       |     4 |     4 |       ||     8
       Throwing net      |       |       |       |     1 |       |       ||     1
 Cast: Searing Ray       |       |       |    16 |    24 |     3 |       ||    43
       Iskenderun's Myst |       |       |       |    50 |   253 |    36 ||   339
       Summon Butterflie |       |       |       |       |     2 |       ||     2
Invok: Shadow Step       |       |       |       |       |     1 |       ||     1
 Abil: Fly               |       |     1 |       |     1 |       |       ||     2
       Stop Flying       |       |       |       |     1 |       |       ||     1
Evoke: Wand              |       |       |       |     4 |     6 |     9 ||    19
  Use: Potion            |     4 |     3 |    11 |     6 |     8 |     7 ||    39
       Scroll            |     1 |     3 |     9 |    13 |    14 |     6 ||    46
 Stab: Sleeping          |     3 |     1 |     7 |     7 |     5 |       ||    23
       Held in net/web   |       |       |       |     6 |       |       ||     6
       Distracted        |       |       |       |     1 |     5 |       ||     6
       Invisible         |       |       |       |       |    15 |       ||    15
  Eat: Chunk             |     4 |     1 |     3 |    30 |    46 |     5 ||    89
       Ration            |       |     1 |     5 |     3 |     9 |     4 ||    22
Armor: Leather armour    |    17 |    12 |    30 |    23 |       |       ||    82
       Robe              |     1 |       |       |       |       |       ||     1
       Skin              |       |     3 |    13 |       |       |       ||    16
       Steam dragon scal |       |       |       |    45 |    65 |    21 ||   131
Dodge: Dodged            |    55 |    60 |   310 |   514 |   614 |   336 ||  1889
Block: Buckler           |       |       |       |   114 |   313 |   144 ||   571
       Reflection        |       |       |       |       |       |    16 ||    16
       Other             |       |       |       |       |       |     9 ||     9
       Rpst.: Falchion   |    17 |    23 |    29 |       |       |       ||    69
       Long sword        |       |       |    58 |   105 |       |       ||   163
       Demon blade       |       |       |       |    25 |   149 |    56 ||   230
